 Dungeon Crawl Stone Soup version 0.17.2-1-ge4368a0 (webtiles) character file.

63 rlgrobin the Insei (level 3, -3/29 HPs)
             Began as a Mummy Monk on Apr 18, 2017.
             Slain by a worm (12 damage)
             ... on level 2 of the Dungeon.
             The game lasted 00:01:57 (2219 turns).

rlgrobin the Insei (Mummy Monk)                     Turns: 2219, Time: 00:01:57

Health: -3/29      AC:  0    Str: 14    XL:     3   Next: 87%
Magic:  3/3        EV: 13    Int:  9    God:
Gold:   42         SH:  0    Dex: 15    Spells: 0 memorised, 2 levels left

rFire  x . .     SeeInvis .       - Unarmed
rCold  + . .     Clarity  .     (no armour)
rNeg   + + +     SustAt   .     (no shield)
rPois  ∞         Gourm    .     (no helmet)
rElec  .         Spirit   .     (no cloak)
rCorr  .         Warding  .     (no gloves)
rMut   .         Stasis   .     (no boots)
MR     .....                    (no amulet)
Stlth  ++........               (no ring)
                                (no ring)

@: not resistant to hostile enchantments, unstealthy
A: no food or potions, fire vulnerability, cold resistance 1, negative energy
resistance 3, torment resistance, unbreathing
a: no special abilities


You were on level 2 of the Dungeon.
You were not hungry.

You visited 1 branch of the dungeon, and saw 2 of its levels.

You collected 42 gold pieces.


Innate Abilities, Weirdness & Mutations

You do not eat or drink.
Your flesh is vulnerable to fire.
You are immune to poison.
Your flesh is cold resistant.
You are immune to negative energy.
You are immune to unholy pain and torment.
You can survive without breathing.


   Skills:
 - Level 3.0 Fighting
 - Level 2.4 Dodging
 - Level 1.5 Stealth
 + Level 4.5 Unarmed Combat


You had 2 spell levels left.
You didn't know any spells.

Inventory:

Armour
 d - a +0 buckler
Scrolls
 a - a scroll of blinking {unknown}
 b - 2 scrolls of identify {unknown}
 c - 2 scrolls of remove curse {unknown}
 e - a scroll of recharging {unknown}
 f - a scroll of teleportation {unknown}

Dungeon Overview and Level Annotations

Branches:
Dungeon (2/15)

Altars:
Kikubaaqudgha

▒. ▒.▒ ▒. ... ▒. .. ▒. ▒.
▒▒ ▒.▒▒ . ..▒.▒ ..▒ .▒
....▒.▒▒▒g▒▒.▒ ▒▒▒▒▒▒▒▒
▒....wM[..▒.▒ ▒....!.▒
▒.......▒.▒.▒ ▒......▒
▒.......▒.▒.▒ ▒......▒ ▒
▒▒▒▒.▒▒▒▒.▒.▒ ▒......▒
▒.▒▒▒▒.▒ ▒...▒ ▒......▒
▒...%..▒▒▒▒▒..▒▒▒▒......▒
▒▒▒▒..........▒.........▒
▒............>▒.........▒
▒.▒▒..........▒.....▒▒▒▒▒


You could see a worm and a hobgoblin (wandering).


Message History

You are too injured to fight recklessly!!!
You miss the goblin!
The goblin is heavily wounded!
The goblin barely misses you!
You barely miss the goblin!
The goblin is heavily wounded!
The goblin barely misses you!
You pulverise the goblin!
You annihilate the goblin!!!
You swing at nothing!
You swing at nothing!
You swing at nothing!
A giant newt comes into view!
You swing at nothing!
The giant newt moves out of view!
You pound the worm into fine dust!
The worm is lightly wounded!
The worm bites you!
You pulverise the worm!
The worm is moderately wounded!
You pound the worm but do no damage!
The worm is moderately wounded!
The worm bites you!!! * * * don't die
* * * You take 8 damage, and have 9/29 hp!
MASSIVE DAMAGE!!!!!!
You pummel the worm but do no damage!
The worm is moderately wounded!
You squash the worm like an ant!
The worm is moderately wounded!
The worm bites you!!! rip

Action                   || total
-------------------------++-------
Melee: Unarmed           ||   102
 Stab: Sleeping          ||     4

Vault maps used:
D:1:      lemuel_arrival_room, serial_co_window_serial, co_window_paths_b,
          co_window_paths_a, co_window_of_opportunity_a,
          co_window_of_opportunity_a, co_window_paths_a,
          co_window_of_opportunity_c, co_window_broadway_a,
          co_window_of_opportunity_c, co_window_cross_2,
          co_window_of_opportunity_b, co_window_2corner, co_window_4corner_b,
          co_window_paths_d, glass_columns_a, glass_columns_a, glass_columns_a,
          glass_columns_a, minmay_crystal_water
D:2:      lemuel_round_altar, ecumenical_altar_1, uniq_jessica

Notes
Turn   | Place    | Note
--------------------------------------------------------------
     0 | D:1      | rlgrobin the Mummy Monk began the quest for the Orb.
     0 | D:1      | Reached XP level 1. HP: 18/18 MP: 1/1
   299 | D:1      | Reached XP level 2. HP: 22/24 MP: 2/2
  1417 | D:2      | Found an ancient bone altar of Kikubaaqudgha.
  1427 | D:2      | Reached skill level 4 in Unarmed Combat
  1845 | D:2      | Noticed Jessica
  1868 | D:2      | HP: 2/24 [adder (2)]
  1871 | D:2      | Reached XP level 3. HP: 1/29 MP: 3/3
  2200 | D:2      | Killed Jessica
  2219 | D:2      | Slain by a worm

Vanquished Creatures
  Jessica (D:2)
  An adder (D:2)
  A giant gecko (D:2)
  2 ball pythons (D:1)
  2 giant cockroaches (D:1)
  3 goblins
  2 hobgoblins
  5 kobolds (D:1)
  6 bats
  2 giant newts (D:1)
  2 rats
27 creatures vanquished.
